 Dungeon Crawl Stone Soup version 0.30-a0-862-g1aabd4f9c5 (webtiles) character file.

Game seed: 342776503592453718

579578 cforsyth the Petrodigitator (level 25, 0/163 HPs)
             Began as a Deep Elf Earth Elementalist on Mar 7, 2023.
             Was the Champion of Vehumet.
             Slain by an electric golem (6 damage)
             ... on level 1 of the Realm of Zot on Mar 8, 2023.
             The game lasted 03:54:54 (98598 turns).

cforsyth the Petrodigitator (DEEE)                 Turns: 98598, Time: 03:54:54

Health: 0/163      AC: 24    Str:  5    XL:     25   Next: 33%
Magic:  46/61      EV: 17    Int: 39    God:    Vehumet [******]
Gold:   5090       SH: 13    Dex: 17    Spells: 3/62 levels left

rFire   + + .      SeeInvis +    a - +0 staff of Battle
rCold   + + +      Faith    .    z - +1 kite shield {rF+}
rNeg    + . .      Spirit   .    p - +10 ring mail of the Forest {rC+}
rPois   +          Reflect  .    x - +1 helmet {Int+3}
rElec   +          Rampage  .    m - +2 cloak {rCorr}
rCorr   +                        d - +2 pair of gloves of Forking Paths {rPois Str+2 Dex+2 SInv}
Will    +++..                    W - +0 pair of boots
Stlth   ++                       q - amulet "Ucanokoo" {RegenMP MP+9 Int+3}
HPRegen 0.47/turn                Q - ring "Wisopn" {rElec rPois rC++ Will+ Dex-3}
MPRegen 0.77/turn                E - ring "Yfurr" {rF+ rN+ Dex+3}

@: studying Maces & Flails, unable to read
A: high MP 1, weak 1, inability to read after injury 2, devolution 1
}: 4/15 runes: decaying, serpentine, slimy, silver
a: Renounce Religion


You were on level 1 of the Realm of Zot.
You worshipped Vehumet.
Vehumet was exalted by your worship.
You visited 11 branches of the dungeon, and saw 51 of its levels.
You visited 1 bazaar.
You also visited: Gauntlet, Ice Cave, Volcano and Desolation.

You collected 7030 gold pieces.
You spent 1940 gold pieces at shops.

Inventory:

Hand Weapons
 a - the +0 staff of Battle (weapon)
   (You acquired it on level 10 of the Dungeon)

   It enhances your conjuration magic.
   It summons a battlesphere in combat, with strength depending on Conjurations
   skill.
   Its strikes trigger the battlesphere's blasts.
 b - the +1 flail "Dragon's Demise" {heavy, SInv}
   (You found it on level 7 of the Dungeon)

   SInv:      It lets you see invisible.
Armour
 d - the +2 pair of gloves of Forking Paths (worn) {rPois Str+2 Dex+2 SInv}
   (You bought it in a shop on level 3 of the Elven Halls)

   Str:       It affects your strength (+2).
   Dex:       It affects your dexterity (+2).
   rPois:     It protects you from poison.
   SInv:      It lets you see invisible.
 m - a +2 cloak of preservation (worn)
 p - the +10 ring mail of the Forest (worn) {rC+}
   (You found it on level 3 of the Dungeon)

   rC:        It protects you from cold.
 x - a +1 helmet of intelligence (worn)
 z - a +1 kite shield of fire resistance (worn)
 W - a +0 pair of boots (worn)
 Y - a +1 kite shield of reflection
Jewellery
 q - the amulet "Ucanokoo" (around neck) {RegenMP MP+9 Int+3}
   (You found it in the Desolation of Salt)

   [amulet of magic regeneration]

   It increases your rate of magic regeneration.
   Int:       It affects your intelligence (+3).
   MP:        It affects your magic capacity (+9).
 B - a ring of protection from cold
 E - the ring "Yfurr" (right hand) {rF+ rN+ Dex+3}
   (You took it off a deep elf death mage on level 3 of the Elven Halls)

   [ring of protection from fire]

   Dex:       It affects your dexterity (+3).
   rF:        It protects you from fire.
   rN:        It protects you from negative energy.
 F - the ring of Xom's Malicious Joy {rC+++ MP+9 Dex+6}
   (You took it off a servant of whispers in the Desolation of Salt)

   [ring of dexterity]

   Dex:       It affects your dexterity (+6).
   rC:        It renders you almost immune to cold.
   MP:        It affects your magic capacity (+9).
 I - a ring of flight
 J - a ring of wizardry
 L - the ring of Hihoiroa {Fly rC+++ rN+ AC+4 Str-5}
   (You took it off an ironbound convoker in the Desolation of Salt)

   [ring of protection]

   AC:        It affects your AC (+4).
   Str:       It affects your strength (-5).
   rC:        It renders you almost immune to cold.
   rN:        It protects you from negative energy.
   Fly:       It grants you flight.
 Q - the ring "Wisopn" (left hand) {rElec rPois rC++ Will+ Dex-3}
   (You acquired it on level 2 of the Lair of Beasts)

   [ring of willpower]

   Dex:       It affects your dexterity (-3).
   rC:        It greatly protects you from cold.
   rElec:     It insulates you from electricity.
   rPois:     It protects you from poison.
   Will:      It increases your willpower.
 R - the ring of Bucudays {rElec rN+ Dex+6 Stlth+}
   (You found it on level 5 of the Pits of Slime)

   [ring of dexterity]

   Dex:       It affects your dexterity (+6).
   rElec:     It insulates you from electricity.
   rN:        It protects you from negative energy.
   Stlth:     It makes you more stealthy.
 U - a ring of ice
Wands
 c - a wand of roots (5)
 h - a wand of flame (131)
 y - a wand of charming (43)
 A - a wand of polymorph (23)
 H - a wand of acid (20)
 K - a wand of digging (12)
 O - a wand of mindburst (31)
Scrolls
 e - 9 scrolls of blinking
 i - 15 scrolls of teleportation
 k - 7 scrolls of enchant weapon
 l - 8 scrolls of fog
 r - 4 scrolls of summoning
 s - 11 scrolls of enchant armour
 t - 9 scrolls of immolation
 v - 13 scrolls of vulnerability
 G - 5 scrolls of fear
 N - 6 scrolls of silence
 T - 11 scrolls of poison
 Z - 5 scrolls of magic mapping
Potions
 f - a potion of haste
 g - 24 potions of curing
 j - 11 potions of attraction
 n - 6 potions of invisibility
 o - 7 potions of heal wounds
 u - a potion of resistance
 w - 10 potions of mutation
 C - 4 potions of ambrosia
 D - 10 potions of lignification
 M - 3 potions of brilliance
 P - a potion of berserk rage
 S - 3 potions of cancellation
 V - 4 potions of magic
 X - 7 potions of flight


   Skills:
 + Level 18.2 Fighting
 + Level 24.8 Dodging
 - Level 2.4 Stealth
 - Level 10.0 Shields
 - Level 19.0 Spellcasting
 + Level 16.4 Conjurations
 - Level 14.0 Summonings
 - Level 5.0 Necromancy
 - Level 1.1 Transmutations
 - Level 4.3 Ice Magic
 O Level 27 Earth Magic


You had 3 spell levels left.
You knew the following spells:

 Your Spells              Type           Power      Damage    Failure   Level
a - Sandblast             Erth           100%       2d20      0%          1
b - Stone Arrow           Conj/Erth      100%       3d13      0%          3
c - Hailstorm             Conj/Ice       100%       3d20      1%          3
d - Yara's Violent Unrav  Hex/Tmut       20%        3d9       41%         5
e - Iron Shot             Conj/Erth      71%        9d13      1%          6
f - Lee's Rapid Deconstr  Erth           64%        3d29*     0%          5
g - Borgnjor's Vile Clut  Necr/Erth      52%        N/A       1%          5
h - Iskenderun's Mystic   Conj/Tloc      100%       2d19      1%          4
i - Spellforged Servitor  Conj/Summ      62%        N/A       3%          7
j - Summon Cactus Giant   Summ           49%        N/A       4%          6
k - Shatter               Erth           64%        3d47*     3%          9
l - Iskenderun's Battles  Conj           100%       2d15      1%          5

Your spell library contained the following spells:

 Spells                   Type           Power      Damage    Failure   Level
 Chain Lightning          Conj/Air       50%        3d66      100%        9
 Polar Vortex             Ice            31%        N/A       100%        9
 Magic Dart               Conj           100%       1d8       0%          1
 Searing Ray              Conj           100%       2d8       0%          2
 Foxfire                  Conj/Fire      100%       2x1d9     1%          1
 Kiss of Death            Conj/Necr      100%       2d13      1%          1
 Necrotise                Necr           100%       1d9       1%          1
 Shock                    Conj/Air       100%       1d9       1%          1
 Summon Small Mammal      Summ           100%       N/A       1%          1
 Call Imp                 Summ           98%        N/A       1%          2
 Passwall                 Tmut/Erth      81%        N/A       1%          2
 Static Discharge         Conj/Air       100%       2-7/arc   1%          2
 Sublimation of Blood     Necr           66%        N/A       1%          2
 Call Canine Familiar     Summ           98%        N/A       1%          3
 Dazzling Flash           Conj/Hex       100%       N/A       1%          3
 Frozen Ramparts          Ice            100%       1d16      1%          3
 Mephitic Cloud           Conj/Pois/Air  88%        N/A       1%          3
 Summon Guardian Golem    Hex/Summ       75%        N/A       1%          3
 Poisonous Vapours        Pois/Air       74%        N/A       3%          2
 Scorch                   Fire           74%        2d9       3%          2
 Vampiric Draining        Necr           66%        2d10      3%          3
 Ensorcelled Hibernation  Hex/Ice        100%       N/A       4%          2
 Ozocubu's Armour         Ice            63%        N/A       4%          3
 Cigotuvi's Dreadful Rot  Necr/Pois/Air  100%       N/A       6%          2
 Sting                    Tmut/Pois      100%       1d8       7%          1
 Kindle Blastsparks       Fire/Tloc/Air  74%        2d16      7%          3
 Lesser Beckoning         Tloc           74%        N/A       12%         2
 Spider Form              Tmut/Pois      41%        N/A       21%         3
 Gell's Gravitas          Tloc           37%        N/A       24%         3
 Portal Projectile        Hex/Tloc       74%        N/A       24%         3
 Swiftness                Air            37%        N/A       24%         3
 Teleport Other           Tloc           37%        N/A       24%         3
 Tukima's Dance           Hex            37%        N/A       24%         3
 Vhi's Electric Charge    Tloc/Air       74%        N/A       24%         3
 Animate Armour           Summ/Erth      100%       N/A       1%          4
 Flame Wave               Conj/Fire      100%       2d21      1%          4
 Fulminant Prism          Conj/Hex       50%        3d22      1%          4
 Leda's Liquefaction      Hex/Erth       48%        N/A       1%          4
 Petrify                  Tmut/Erth      98%        N/A       1%          4
 Summon Ice Beast         Ice/Summ       83%        N/A       1%          4
 Irradiate                Conj/Tmut      51%        3d28      1%          5
 Arcjolt                  Conj/Air       50%        1d60      2%          5
 Fireball                 Conj/Fire      50%        3d20      2%          5
 Lightning Bolt           Conj/Air       50%        1d71      2%          5
 Orb of Destruction       Conj           64%        9d15      2%          7
 Lehudib's Crystal Spear  Conj/Erth      71%        10d16     2%          8
 Summon Lightning Spire   Summ/Air       75%        N/A       4%          4
 Animate Dead             Necr           66%        N/A       11%         4
 Conjure Ball Lightning   Conj/Air       50%        3x3d17    12%         6
 Starburst                Conj/Fire      50%        6d14      12%         6
 Summon Forest            Summ/Tloc      37%        N/A       13%         5
 Summon Mana Viper        Hex/Summ       75%        N/A       13%         5
 Airstrike                Air            18%        2d(3-19)  21%         4
 Olgreb's Toxic Radiance  Pois           37%        N/A       21%         4
 Ice Form                 Ice/Tmut       55%        N/A       26%         4
 Anguish                  Hex/Necr       27%        N/A       28%         4
 Agony                    Necr           66%        N/A       28%         5
 Blade Hands              Tmut           22%        N/A       82%         5
 Death Channel            Necr           33%        N/A       85%         6
 Summon Horrible Things   Summ           49%        N/A       86%         8
 Eringya's Noxious Bog    Tmut/Pois      20%        N/A       91%         6
 Ozocubu's Refrigeration  Ice            31%        4d14      94%         7
 Malign Gateway           Summ/Tloc      37%        N/A       98%         7
 Dragon Form              Tmut           22%        N/A       100%        7
 Enfeeble                 Hex            18%        N/A       100%        7
 Storm Form               Tmut/Air       20%        N/A       100%        7
 Discord                  Hex            18%        N/A       100%        8
 Disjunction              Tloc           18%        N/A       100%        8
 Maxwell's Capacitive Co  Air            18%        ∞         100%        8
 Death's Door             Necr           33%        N/A       100%        9
 Fire Storm               Conj/Fire      50%        8d13      100%        9


Dungeon Overview and Level Annotations

Branches:
Dungeon (15/15)              Lair (5/5) D:8           Swamp (4/4) Lair:2
  Snake (4/4) Lair:3        Slime (5/5) Lair:5          Orc (2/2) D:11
    Elf (3/3) Orc:2        Vaults (5/5) D:14          Crypt (3/3) Vaults:2
   Tomb (0/3) Crypt:3      Depths (4/4) D:15            Zot (1/5) Depths:4
  IceCv (visited)         Volcano (visited)         Desolation (visited)
Gauntlet (visited)
 Temple: D:4-7

Altars:
Ashenzari
Dithmenos
Elyvilon
Fedhas
Gozag
Hepliaklqana
Kikubaaqudgha
Makhleb
Qazlal
Sif Muna
Trog
Vehumet
Xom
Zin
The Shining One
Jiyva
Lugonu

Shops:
D:2 *   D:13 (   D:14 !   Orc:2 !::*:   Elf:2 =:=   Elf:3 [[==[[[*   Vaults:1 !
Vaults:5 !

Portals:
Hell: Depths:1 Depths:2 Depths:3 Depths:4
Abyss: Depths:2 Depths:3 Depths:4
Pandemonium: Depths:2
Ziggurat: Depths:2

Annotations:
D:11 2 transporters


Innate Abilities, Weirdness & Mutations

You have an increased reservoir of magic. (+10% MP)
You are weak. (Str -2)
You sometimes lose the ability to read scrolls when taking damage.
You have hidden genetic defects.


Message History

The ice dragon is almost dead.
Your battlesphere fires!
The barrage of energy hits the stone giant.
The stone giant is severely wounded.
The black draconian breathes lightning at you.
The bolt of lightning hits your battlesphere.
Your battlesphere completely resists.
The bolt of lightning hits you. You resist.
* * * LOW HITPOINT WARNING * * *
The fire dragon bites you!
* * * LOW HITPOINT WARNING * * *
The fire dragon barely misses you.
The fire dragon tramples you but does no damage.
The stone giant hits you!
* * * LOW HITPOINT WARNING * * *
The ice dragon closely misses you. The ice dragon barely misses you.
The ice dragon tramples you but does no damage.
The quicksilver dragon attacks as you move away!
The quicksilver dragon bites you but does no damage.
The quicksilver dragon claws you but does no damage.
The stone giant attacks as you move away!
You block the stone giant's attack.
Found a pair of ancient boots and a scroll of identify.
The electric golem crackles and sizzles.
The electric golem hurls lightning at you.
The bolt of lightning hits you. You resist.
* * * LOW HITPOINT WARNING * * *
The black draconian knight breathes lightning at you.
The bolt of lightning misses you.
The bolt of lightning misses the electric golem.
The moth of wrath goads the fire dragon on!
The fire dragon goes berserk!
The lich casts a spell.
The lich flickers and vanishes for a moment.
You block the electric golem's attack. The electric golem hits you.
* * * LOW HITPOINT WARNING * * *
The electric golem shocks you! You resist.
* * * LOW HITPOINT WARNING * * *
The electric golem misses you. The electric golem hits you.
You die...

.)?.$( .## .
##..#.## ...# #.
#.$))?$ #.... ...
#)$#q. #.....
#...##†..##....#
#............##
#..C.)#yD†(...#
.##...∩D@..#.$#
$$.DC...D9D..$$.[
C##.#⌠.>C>#..#§#.
....#...#*..$[.
.##..d>..).#.$.?
.....).†.##.#.
#...#D.L#... ##
...##........ ...
.$#..##...


You could see an electric golem, a black draconian knight (fast, invisible,
catching breath), a titan, a frost giant, a black draconian, 2 fire dragons, 2
ice dragons, 2 quicksilver dragons, a stone giant, a lich (invisible), a moth of
wrath and a friendly battlesphere.

Vanquished Creatures
  the Royal Jelly (Slime:5)
  3 ancient liches
  Mara (Elf:3)
  A juggernaut (Depths:3)
  Vashnia (Snake:3)
  A caustic shrike (Depths:2)
  A curse toe (Crypt:3)
  3 golden dragons
  A bone dragon (Zot:1)
  Rupert (Lair:5)
  4 tentacled monstrosities
  8 liches
  A walking earthen tome (Depths:2)
  2 deep elf master archers (Elf:3)
  2 deep elf blademasters
  21 acid blobs
  A walking frostbound tome (Depths:3)
  5 ancient champions
  3 titans (Vaults:5)
  2 quicksilver dragons
  Frances (D:13)
  8 sphinxes
  2 thorn hunters
  5 tengu reavers
  2 storm dragons
  Kirke (Lair:5)
  9 shadow dragons
  A draconian monk (Depths:4)
  16 azure jellies
  5 nagarajas
  12 rockslimes
  9 fire giants
  An imperial myrmidon (Desolation)
  2 iron dragons
  9 frost giants
  5 deep elf sorcerers
  A draconian scorcher (Depths:4)
  20 vault wardens
  A ghost moth (Zot:1)
  5 curse skulls
  An angel (Vaults:2)
  4 war gargoyles
  A reaper (Crypt:3)
  4 deep elf elementalists (Elf:3)
  A caustic shrike skeleton (Crypt:3)
  22 quicksilver oozes
  2 spriggan defenders
  14 ghouls
  16 ironbound preservers
  4 ironbound thunderhulks
  8 stone giants
  The ghost of barkas the Unseen, a journeyman NaHW of Cheibriados (D:11)
  11 very ugly things
  7 deep elf demonologists
  A black draconian (Depths:4)
  3 vampire knights
  2 deep elf annihilators
  5 bunyips
  A minotaur (Gauntlet)
  3 eleionomae
  2 halazid warlocks (Desolation)
  16 dire elephants
  3 spark wasps (Depths:3)
  5 deep elf death magi
  4 purple draconians (Zot:1)
  2 white draconians (Depths:4)
  Snorg (D:11)
  A blizzard demon (Depths:4)
  2 eidola
  6 ettins
  4 deep elf high priests (Elf:3)
  2 merfolk javelineers (Depths:3)
  2 crystal guardians (Desolation)
  3 jiangshi (Crypt:3)
  13 fire dragons
  18 yaktaur captains
  6 ragged hierophants (Desolation)
  38 vault guards
  20 hydras
  Fannar (D:11)
  3 rakshasas
  3 great orbs of eyes (Vaults:2)
  2 hell beasts (Depths:1)
  12 ice dragons
  5 peacekeepers
  A jorogumo (shapeshifter) (Depths:3)
  6 ironbound frosthearts
  17 centaur warriors
  6 servants of whispers (Desolation)
  2 spriggan air magi
  23 two-headed ogres
  4 boulder beetles
  A ghost crab (Swamp:1)
  5 ogre magi
  11 anacondas
  5 alligators
  2 catoblepae
  A salamander tyrant (Snake:2)
  A hell hog (Depths:3)
  19 naga warriors
  A two-headed ogre (shapeshifter) (D:15)
  21 dancing weapons
  7 tengu warriors
  An Orb Guardian skeleton (Crypt:3)
  5 deep troll shamans
  3 vampire magi
  25 naga sharpshooters
  Urug (D:12)
  7 deep troll earth magi
  2 spriggan berserkers
  9 shock serpents
  4 soul eaters
  A hell knight (Depths:3)
  6 deep elf knights
  13 skeletal warriors
  A titan skeleton (Crypt:1)
  2 skysharks
  6 salamander mystics
  4 shadow wraiths
  A fire crab (Swamp:4)
  8 sea snakes (Snake:4)
  4 spriggan druids
  6 goliath frogs
  9 flayed ghosts
  A deep troll (shapeshifter) (Vaults:5)
  10 iron trolls
  30 deep trolls
  A quicksilver dragon simulacrum (Depths:1)
  A death drake (Swamp:2)
  4 glowing orange brains
  7 bog bodies
  9 swamp dragons
  4 deep elf archers
  17 ironbound convokers
  A lindwurm (shapeshifter) (Vaults:3)
  3 anaconda skeletons
  2 sphinx zombies (Crypt:3)
  3 phantasmal warriors
  15 wizards
  13 deep elf zephyrmancers
  4 necromancers
  3 orc sorcerers
  A shadow dragon zombie (Vaults:4)
  3 naga ritualists
  12 lindwurms
  19 salamanders
  21 deep elf pyromancers
  8 mana vipers
  39 ugly things
  An eleionoma zombie (Crypt:3)
  A faun (shapeshifter) (D:14)
  6 shining eyes
  4 will-o-the-wisps
  4 cyclopes
  2 human zombies
  2 stone giant zombies (Vaults:4)
  4 moths of wrath
  6 manticores
  2 salamanders (shapeshifter)
  A fire giant zombie (Crypt:1)
  A fire giant skeleton (Crypt:1)
  8 naga magi
  13 guardian serpents
  15 elephants
  6 torpor snails (Lair:5)
  34 black mambas
  2 smoke demons
  An eleionoma skeleton (Crypt:3)
  13 vault sentinels
  6 gargoyles
  16 cane toads
  An ice statue (IceCv)
  2 rime drakes (Lair:5)
  2 eyes of devastation
  2 minotaur zombies (Gauntlet)
  4 unseen horrors
  An unseen horror (shapeshifter) (D:15)
  38 yaktaurs
  14 ice devils (IceCv)
  Psyche (D:11)
  A white draconian skeleton (Crypt:1)
  4 anaconda simulacra (IceCv)
  6 komodo dragons
  7 guardian mummies
  2 freezing wraiths
  A tengu conjurer (Depths:4)
  11 trolls
  2 bloated husks (Swamp:2)
  10 polar bears
  10 tyrant leeches
  3 raiju
  4 harpy skeletons
  28 saltlings (Desolation)
  14 hornets
  Grinder (D:5)
  9 blink frogs (Lair:4)
  61 slime creatures
  A boulder beetle zombie (Crypt:2)
  An ice dragon zombie (Crypt:3)
  A stone giant simulacrum (Vaults:4)
  An alligator skeleton (Volcano)
  4 flying skulls
  11 water elementals
  4 air elementals
  10 spriggans
  2 wyverns
  42 yaks
  2 wraiths
  A shadow (D:10)
  A vampire (D:11)
  6 humans (D:14)
  A redback (shapeshifter) (Vaults:5)
  4 golden eyes
  3 basilisks
  2 hogs (Lair:5)
  2 humans (shapeshifter)
  A tyrant leech zombie (Crypt:2)
  2 chaos spawn (D:8)
  7 steam dragons
  24 vampire mosquitoes
  8 death yak simulacra (IceCv)
  4 fire elementals (Elf:1)
  5 harpy simulacra (IceCv)
  7 wargs
  44 nagas
  16 swamp worms
  An acid dragon (D:9)
  A nameless horror (Depths:2)
  13 water moccasins
  15 hell hounds (Lair:5)
  9 swamp drakes
  A sky beast (D:7)
  A meliai simulacrum (D:15)
  A snapping turtle zombie (Crypt:2)
  19 orc warriors
  12 black bears
  An ice beast (D:8)
  An ice beast (shapeshifter) (Depths:3)
  26 ogres
  15 wolves
  16 centaurs
  A manticore skeleton (Crypt:3)
  12 bullfrogs
  2 kobold brigands
  A rime drake skeleton (Crypt:1)
  7 necrophages
  A scorpion (Lair:3)
  A gnoll sergeant (D:12)
  A two-headed ogre simulacrum (IceCv)
  2 cane toad simulacra (IceCv)
  2 earth elementals
  14 wights
  4 elephant simulacra
  4 killer bees (D:8)
  A yak skeleton (Crypt:1)
  A howler monkey (D:9)
  3 spriggan skeletons
  14 electric eels
  3 crimson imps (Gauntlet)
  21 orc priests
  12 hounds
  A gnoll bouda (D:7)
  3 iguanas
  A sleepcap (D:6)
  20 orc wizards
  2 troll simulacra (IceCv)
  5 polar bear simulacra
  2 spriggan simulacra (IceCv)
  6 wolf simulacra
  3 naga skeletons (Volcano)
  6 mummies (Crypt:1)
  13 gnolls
  8 adders
  A naga simulacrum (IceCv)
  A shadow imp (D:7)
  A white imp (D:6)
  An adder skeleton (Crypt:3)
  2 worms
  4 dart slugs
  67 orcs
  4 ball pythons
  8 endoplasms
  2 giant cockroaches (D:2)
  5 goblins
  6 hobgoblins
  2 jackals (D:5)
  2 quokkas (D:4)
  3 bats
  2 frilled lizards
  A frilled lizard skeleton (Crypt:2)
  13 kobolds
  5 plants
1988 creatures vanquished.

Vanquished Creatures (collateral kills)
  Xtahua (Crypt:1)
  3 caustic shrikes (Depths:2)
  The ghost of wjchen the Warrior, an adept MiFi of Okawaru (Elf:3)
  4 acid blobs
  A revenant (Crypt:2)
  Donald (Crypt:2)
  3 azure jellies
  A rockslime (Slime:5)
  2 deep elf sorcerers (Elf:3)
  3 vault wardens
  A deep elf elementalist (Elf:3)
  5 quicksilver oozes
  3 ironbound preservers
  An angel (Vaults:2)
  A war gargoyle (Vaults:4)
  An ironbound thunderhulk (Vaults:1)
  A spark wasp (Depths:3)
  2 deep elf annihilators (Elf:3)
  8 dire elephants
  A deep elf death mage (Vaults:4)
  4 crystal guardians
  2 great orbs of eyes
  3 yaktaur captains
  An entropy weaver (Vaults:1)
  3 ragged hierophants (Desolation)
  An ice dragon (Depths:3)
  2 vault guards (Vaults:4)
  4 peacekeepers
  3 centaur warriors (Vaults:1)
  A boulder beetle (Vaults:2)
  13 dancing weapons
  4 ironbound frosthearts
  A vampire mage (Vaults:2)
  A soul eater (Vaults:2)
  3 deep elf knights (Elf:2)
  A sun demon (Depths:3)
  A golden dragon zombie (Crypt:1)
  13 deep trolls
  6 skeletal warriors
  A deep elf archer (Elf:3)
  A lindwurm (Vaults:1)
  2 bog bodies (Crypt:3)
  A phantasmal warrior (Vaults:1)
  4 deep elf zephyrmancers (Elf:2)
  3 deep elf pyromancers (Elf:3)
  6 shining eyes
  3 ironbound convokers
  An orc sorcerer (Elf:2)
  10 ugly things
  A stone giant skeleton (Vaults:4)
  7 vault sentinels
  A guardian serpent (Desolation)
  A jorogumo skeleton (Crypt:2)
  An eye of devastation (Slime:2)
  9 yaktaurs
  2 guardian mummies (Crypt:1)
  20 saltlings (Desolation)
  A flying skull (Crypt:3)
  12 slime creatures
  An ettin skeleton (Crypt:2)
  A fire bat skeleton (Crypt:2)
  A rime drake skeleton (Crypt:2)
  A necrophage (Crypt:2)
  An earth elemental (Elf:3)
  3 human skeletons (Crypt:1)
  2 mummies (Crypt:1)
208 creatures vanquished.

Vanquished Creatures (others)
  A lindwurm (Swamp:4)
  A slime creature (D:12)
  5 humans
  A steam dragon (Swamp:4)
  A naga (Snake:4)
  A demonic plant (Gauntlet)
  12 foxfires (Swamp:3)
  38 fungi
  2 pillars of salt (Desolation)
  137 plants
  2 withered plants (Desolation)
201 creatures vanquished.

Grand Total: 2397 creatures vanquished

Notes
Turn   | Place    | Note
-------+----------+-------------------------------------------
     0 | D:1      | cforsyth the Deep Elf Earth Elementalist began the quest
                  | for the Orb.
     0 | D:1      | Reached XP level 1. HP: 10/10 MP: 6/6
   461 | D:1      | Reached XP level 2. HP: 15/15 MP: 4/8
   885 | D:2      | Reached skill level 4 in Earth Magic
   938 | D:2      | Reached XP level 3. HP: 19/19 MP: 8/10
  1068 | D:2      | Found Sotiw's General Store.
  1430 | D:3      | Identified the +10 ring mail of the Forest {rC+}
  1830 | D:3      | Found a faded altar of an unknown god.
  1895 | D:3      | Reached XP level 4. HP: 24/24 MP: 9/12
  2035 | D:3      | Reached skill level 5 in Spellcasting
  2554 | D:4      | Reached skill level 5 in Earth Magic
  2554 | D:4      | Reached XP level 5. HP: 28/28 MP: 13/15
  2661 | D:4      | Reached XP level 6. HP: 32/32 MP: 11/17
  2926 | D:4      | Reached skill level 6 in Earth Magic
  3315 | D:5      | Entered Level 5 of the Dungeon
  3413 | D:5      | Noticed Grinder
  3417 | D:5      | Paralysed by Grinder for 2 turns
  3420 | D:5      | Killed Grinder
  3421 | D:5      | Reached XP level 7. HP: 36/36 MP: 15/20
  3468 | D:5      | Reached skill level 7 in Earth Magic
  3505 | D:5      | Found a blossoming altar of Fedhas.
  3511 | D:5      | Found a broken altar of Ashenzari.
  3513 | D:5      | Found a shimmering altar of Xom.
  3513 | D:5      | Found an opulent altar of Gozag.
  3514 | D:5      | Found a stormy altar of Qazlal.
  3515 | D:5      | Found a white marble altar of Elyvilon.
  3622 | D:5      | Found an ancient bone altar of Kikubaaqudgha.
  3730 | D:5      | Reached XP level 8. HP: 41/41 MP: 20/23
  3860 | D:5      | Reached skill level 8 in Earth Magic
  4138 | D:5      | Found a shadowy altar of Dithmenos.
  4139 | D:5      | Found a hazy altar of Hepliaklqana.
  4622 | D:6      | Found a radiant altar of Vehumet.
  4635 | D:6      | Reached skill level 10 in Spellcasting
  4683 | D:6      | Became a worshipper of Vehumet
  4833 | D:7      | Reached skill level 9 in Earth Magic
  4908 | D:7      | Found a bloodstained altar of Trog.
  5184 | D:7      | Identified the +1 flail "Dragon's Demise" {heavy, SInv}
  5218 | D:7      | Reached XP level 9. HP: 45/45 MP: 24/26
  5538 | D:7      | Learned a level 3 spell: Stone Arrow
  5751 | D:8      | Reached * piety under Vehumet
  5751 | D:8      | Offered knowledge of Magic Dart by Vehumet.
  5757 | D:8      | Reached skill level 10 in Earth Magic
  6578 | D:8      | Noticed a troll
  6581 | D:8      | Killed a troll
  6778 | D:8      | Reached skill level 11 in Earth Magic
  6907 | D:8      | Found a staircase to the Lair.
  7305 | D:8      | Found a shimmering altar of Xom.
  7305 | D:8      | Found the +7 mace of Variability {chaos, chain chaos}
  7421 | D:8      | Reached ** piety under Vehumet
  7423 | D:8      | Offered knowledge of Poisonous Vapours by Vehumet.
  7581 | D:8      | Found a shimmering blue altar of Sif Muna.
  7835 | D:9      | Reached XP level 10. HP: 48/50 MP: 26/29
  7844 | D:9      | Noticed a two-headed ogre
  7851 | D:9      | Killed a two-headed ogre
  7852 | D:9      | Reached skill level 12 in Earth Magic
  8221 | D:9      | Identified the +0 robe of Theory {*Slow Fly rN++ Regen+}
  8594 | D:10     | Entered Level 10 of the Dungeon
  8697 | D:10     | Identified a scroll of acquirement
  8697 | D:10     | Acquired the +0 staff of Battle
  8697 | D:10     | Found the +0 staff of Battle
  8810 | D:10     | Offered knowledge of Dazzling Flash by Vehumet.
  8970 | D:10     | Reached skill level 1 in Conjurations
  8973 | D:10     | Reached skill level 1 in Fighting
  9071 | D:10     | Noticed a boulder beetle
  9082 | D:10     | Killed a boulder beetle
  9172 | D:10     | Noticed a centaur warrior
  9297 | D:10     | Killed a centaur warrior
  9298 | D:10     | Reached XP level 11. HP: 25/59 MP: 15/31
  9545 | D:10     | Reached *** piety under Vehumet
  9734 | D:10     | Found a burning altar of Makhleb.
  9907 | D:10     | Reached skill level 5 in Dodging
 10254 | D:11     | Identified the +1 plate armour of Ippoman {rElec rF+ rC+}
 10488 | D:11     | Noticed Psyche
 10492 | D:11     | Killed Psyche
 10571 | D:11     | Noticed Snorg
 10578 | D:11     | Killed Snorg
 10655 | D:11     | Reached skill level 5 in Conjurations
 10749 | D:11     | Noticed a boulder beetle
 10759 | D:11     | Killed a boulder beetle
 10765 | D:11     | Found a staircase to the Orcish Mines.
 10768 | D:11     | Offered knowledge of Hailstorm by Vehumet.
 10814 | D:11     | Learned a level 3 spell: Hailstorm
 10924 | D:11     | Noticed Fannar
 10929 | D:11     | Killed Fannar
 10981 | D:11     | Noticed a two-headed ogre
 10985 | D:11     | Noticed a tengu warrior
 10986 | D:11     | Noticed a two-headed ogre
 10999 | D:11     | Noticed barkas's ghost (journeyman NaHW)
 11017 | D:11     | Noticed a two-headed ogre
 11051 | D:11     | Found a transporter.
 11053 | D:11     | Found a transporter.
 11059 | D:11     | Found a bloodstained altar of Trog.
 11246 | D:11     | Got the Compilation of Combat Magic and Flesh
 11787 | D:12     | Noticed a two-headed ogre
 11789 | D:12     | Reached skill level 5 in Fighting
 11796 | D:12     | Killed a two-headed ogre
 11919 | D:12     | Noticed a deep elf pyromancer
 11922 | D:12     | Killed a deep elf pyromancer
 12031 | D:12     | Reached XP level 12. HP: 57/68 MP: 30/32
 12146 | D:12     | Reached **** piety under Vehumet
 12154 | D:12     | Offered knowledge of Ignite Poison by Vehumet.
 12238 | D:12     | Noticed Urug
 12579 | D:12     | Killed Urug
 12764 | Lair:1   | Entered Level 1 of the Lair of Beasts
 13688 | Lair:2   | Found a frozen archway.
 13738 | IceCv    | Entered an ice cave
 14066 | IceCv    | Reached ***** piety under Vehumet
 14108 | IceCv    | Reached skill level 10 in Dodging
 14178 | IceCv    | Offered knowledge of Yara's Violent Unravelling by Vehumet.
 14187 | IceCv    | Learned a level 5 spell: Yara's Violent Unravelling
 14312 | IceCv    | Found an ancient bone altar of Kikubaaqudgha.
 14734 | IceCv    | Learned a level 6 spell: Iron Shot
 14964 | IceCv    | Identified the ring of the Locust {rN+ Slay+3}
 15250 | IceCv    | Reached XP level 13. HP: 58/77 MP: 17/33
 15252 | IceCv    | Reached skill level 10 in Conjurations
 15680 | Lair:2   | Acquired the ring "Wisopn" {rElec rPois rC++ Will+ Dex-3}
 16293 | Lair:2   | Found a staircase to the Swamp.
 16724 | Lair:3   | Offered knowledge of Fulminant Prism by Vehumet.
 16747 | Lair:3   | You fall into a shaft and drop 2 floors!
 16747 | Lair:5   | Entered Level 5 of the Lair of Beasts
 17663 | Lair:3   | Found a staircase to the Snake Pit.
 19204 | Lair:5   | Noticed Rupert
 19351 | Lair:5   | Reached XP level 14. HP: 86/86 MP: 29/34
 19369 | Lair:5   | Killed Rupert
 19762 | Lair:5   | Noticed Kirke
 19863 | Lair:5   | Killed Kirke
 19991 | Lair:5   | Found an ancient bone altar of Kikubaaqudgha.
 20275 | Lair:5   | Found a staircase to the Slime Pits.
 20275 | Lair:5   | Found a viscous altar of Jiyva.
 20488 | Lair:5   | Reached skill level 10 in Fighting
 21053 | Lair:5   | Found a runed translucent door.
 21247 | Lair:5   | Offered knowledge of Starburst by Vehumet.
 22562 | Orc:1    | Entered Level 1 of the Orcish Mines
 22826 | Orc:1    | Reached skill level 15 in Dodging
 23086 | Orc:2    | Entered Level 2 of the Orcish Mines
 23086 | Orc:2    | Found a staircase to the Elven Halls.
 23180 | Orc:2    | Found a dark tunnel.
 23188 | Volcano  | Entered a volcano
 23350 | Volcano  | Reached ****** piety under Vehumet
 23369 | Volcano  | Offered knowledge of Lee's Rapid Deconstruction by Vehumet.
 23670 | Volcano  | Reached XP level 15. HP: 71/93 MP: 28/35
 24318 | Orc:2    | Reached skill level 13 in Earth Magic
 24660 | Orc:2    | Found Juila's Book Boutique.
 24661 | Orc:2    | Found Tuwkeunn's Assorted Antiques.
 24666 | Orc:2    | Found Ruusiac's Distillery.
 24673 | Orc:2    | Bought a bloodstained leather armour for 161 gold pieces
 24673 | Orc:2    | Identified the +3 leather armour of Guhoops {-Tele rElec
                  | rPois Stlth+} (You bought it in a shop on level 2 of the
                  | Orcish Mines)
 24676 | Orc:2    | Found Suusm's Book Boutique.
 24822 | Orc:2    | Learned a level 5 spell: Lee's Rapid Deconstruction
 24881 | Orc:2    | Found Uthrear's Book Shop.
 24888 | Orc:2    | Bought a book of Unlife for 576 gold pieces
 24894 | Orc:2    | Learned a level 5 spell: Borgnjor's Vile Clutch
 25521 | D:13     | Found Jaquex's Weapon Shoppe.
 25945 | D:13     | Noticed Frances
 25952 | D:13     | Killed Frances
 26554 | D:14     | Found Akhudom's Distillery.
 26907 | D:14     | Reached skill level 14 in Earth Magic
 27094 | D:14     | Reached skill level 15 in Spellcasting
 27986 | D:14     | Found a gate to the Vaults.
 28124 | D:15     | Entered Level 15 of the Dungeon
 28129 | D:15     | Reached XP level 16. HP: 68/101 MP: 25/37
 28136 | D:15     | Offered knowledge of Orb of Destruction by Vehumet.
 28213 | D:15     | Reached skill level 1 in Ice Magic
 28253 | D:15     | Got Vehumet's Tome of the Six Portals
 28336 | D:15     | Found a gate leading to a gauntlet.
 28399 | Gauntlet | Entered a Gauntlet
 28399 | Gauntlet | Found a transporter.
 28399 | Gauntlet | Found a transporter.
 28417 | Gauntlet | Found a transporter.
 28420 | Gauntlet | Found a transporter.
 28437 | Gauntlet | Found a transporter.
 28445 | Gauntlet | Found a transporter.
 28449 | Gauntlet | Found a transporter.
 28457 | Gauntlet | Found a transporter.
 28471 | Gauntlet | Found a runed translucent door.
 28473 | Gauntlet | Found a transporter.
 28475 | Gauntlet | Found a runed translucent door.
 28493 | Gauntlet | Found a transporter.
 28497 | Gauntlet | Found a transporter.
 28510 | Gauntlet | Found a transporter.
 28645 | Gauntlet | Reached skill level 15 in Earth Magic
 28692 | Gauntlet | Identified the +1 cloak of Golden Liberty {rC- Will- Int+4
                  | Dex+8}
 28721 | Gauntlet | Identified the ring of Huaqiow {Wiz rPois Will+ Str-4
                  | Dex+4}
 28754 | Gauntlet | Got the Spellbook of Terrestrial Malediction
 29138 | D:15     | Found a staircase to the Depths.
 30062 | Snake:1  | Entered Level 1 of the Snake Pit
 30487 | Snake:1  | Reached skill level 16 in Earth Magic
 31097 | Snake:1  | Reached skill level 17 in Earth Magic
 31669 | Snake:1  | Reached skill level 1 in Necromancy
 31767 | Snake:2  | Reached skill level 1 in Shields
 32286 | Snake:2  | Offered knowledge of Freezing Cloud by Vehumet.
 32597 | Snake:3  | Noticed Vashnia
 32601 | Snake:3  | Reached skill level 5 in Necromancy
 32605 | Snake:3  | Killed Vashnia
 32606 | Snake:3  | Reached XP level 17. HP: 48/106 MP: 17/39
 33558 | Snake:3  | Reached skill level 5 in Shields
 34169 | Snake:3  | Reached skill level 1 in Summonings
 34541 | Snake:4  | Entered Level 4 of the Snake Pit
 35182 | Snake:4  | Reached skill level 5 in Summonings
 35604 | Snake:4  | Learned a level 4 spell: Iskenderun's Mystic Blast
 35671 | Snake:4  | Offered knowledge of Ignition by Vehumet.
 37132 | Snake:4  | Reached XP level 18. HP: 111/112 MP: 31/40
 37166 | Snake:4  | Got a serpentine rune of Zot
 37392 | Swamp:1  | Entered Level 1 of the Swamp
 37438 | Swamp:1  | Learned a level 7 spell: Spellforged Servitor
 37863 | Swamp:1  | Offered knowledge of Shatter by Vehumet.
 37863 | Swamp:1  | Offered knowledge of Chain Lightning by Vehumet.
 37863 | Swamp:1  | Offered knowledge of Polar Vortex by Vehumet.
 38832 | Swamp:2  | Reached skill level 10 in Shields
 38954 | Swamp:2  | Reached skill level 10 in Summonings
 40089 | Swamp:3  | Identified the +8 short sword of Infinite Pain {pain, rCorr
                  | Int+5}
 40773 | Swamp:4  | Entered Level 4 of the Swamp
 42655 | Swamp:4  | Got a decaying rune of Zot
 42949 | Vaults:1 | Entered Level 1 of the Vaults
 43270 | Vaults:1 | Learned a level 6 spell: Summon Cactus Giant
 43917 | Vaults:1 | Reached XP level 19. HP: 105/116 MP: 29/41
 44237 | Vaults:1 | Identified the +1 scale mail "Runlia Zucw" {rN+ Int+4}
 44256 | Vaults:1 | Found Loicwo Moseu's Distillery.
 44419 | Vaults:1 | Reached skill level 18 in Earth Magic
 44933 | Vaults:1 | Reached skill level 15 in Conjurations
 46084 | Vaults:2 | Found a white marble altar of Elyvilon.
 46084 | Vaults:2 | Found a crumbling gateway.
 46084 | Vaults:2 | Found a glowing silver altar of Zin.
 46119 | Vaults:2 | Found a glowing golden altar of the Shining One.
 46175 | Desolati | Entered the Desolation of Salt
 46185 | Desolati | Reached skill level 19 in Earth Magic
 46559 | Desolati | Identified the ring "Ciyfike" {*Corrode Str+8 Slay+4 SInv}
 46562 | Desolati | Identified the +8 morningstar of the Depths {drain, Str+3}
 46930 | Desolati | Identified the quicksilver dragon scales "Attit" {rPois
                  | Will+}
 46930 | Desolati | Identified the ring of Xom's Malicious Joy {rC+++ MP+9
                  | Dex+6}
 46941 | Desolati | Reached skill level 20 in Earth Magic
 47138 | Desolati | Got Caiddog's Spellbook of the Unlucky Pyromaniac
 47256 | Desolati | Identified the ring of Hihoiroa {Fly rC+++ rN+ AC+4 Str-5}
 47259 | Desolati | Identified the +4 battleaxe of Terra Cotta {elec, rN+
                  | Str+6}
 47322 | Desolati | Identified the +2 halberd "Tattletale" {holy, rF+ rCorr
                  | Str+4}
 47479 | Desolati | Identified the amulet "Ucanokoo" {RegenMP MP+9 Int+3}
 48173 | Vaults:2 | Reached skill level 21 in Earth Magic
 48707 | Vaults:2 | Reached XP level 20. HP: 91/121 MP: 28/42
 49117 | Vaults:2 | Found a staircase to the Crypt.
 49209 | Vaults:2 | Reached skill level 22 in Earth Magic
 50879 | Vaults:3 | Reached skill level 23 in Earth Magic
 55093 | Vaults:4 | Reached XP level 21. HP: 128/128 MP: 43/43
 55834 | Elf:1    | Entered Level 1 of the Elven Halls
 57473 | Elf:2    | Reached skill level 24 in Earth Magic
 57902 | Elf:2    | Found Eme Ojee's Jewellery Shoppe.
 57904 | Elf:2    | Found Qiudweus's Book Boutique.
 57905 | Elf:2    | Found Vinelaaq's Jewellery Shoppe.
 58075 | Elf:2    | Found a huge runed translucent gate.
 58075 | Elf:2    | Found a huge runed translucent gate.
 58077 | Elf:2    | Found a huge runed translucent gate.
 58077 | Elf:2    | Found a huge runed translucent gate.
 58078 | Elf:2    | Found a huge runed translucent gate.
 58282 | Elf:2    | Found a radiant altar of Vehumet.
 59067 | Elf:3    | Entered Level 3 of the Elven Halls
 59068 | Elf:3    | Noticed Mara
 59071 | Elf:3    | Noticed cforsyth's illusion
 59078 | Elf:3    | Killed Mara
 59207 | Elf:3    | Found Caidgh's Jewellery Emporium.
 59209 | Elf:3    | Found Bauseno's Armour Emporium.
 59209 | Elf:3    | Found Tugguog's Armour Shoppe.
 59214 | Elf:3    | Found Ewkuom's Jewellery Shoppe.
 59229 | Elf:3    | Bought a +1 helmet of intelligence for 297 gold pieces
 59476 | Elf:3    | Found Mezorchas's Armour Emporium.
 59480 | Elf:3    | Bought the +2 pair of gloves of Forking Paths {rPois Str+2
                  | Dex+2 SInv} for 536 gold pieces
 59500 | Elf:3    | Paralysed by an air elemental for 1 turns
 59513 | Elf:3    | Found Yxeskeok's Antique Armour Shop.
 60009 | Elf:3    | Found Ykain's Armour Boutique.
 60064 | Elf:3    | Found a runed translucent gate.
 60064 | Elf:3    | Found a runed translucent gate.
 60064 | Elf:3    | Found a runed translucent gate.
 60067 | Elf:3    | Noticed wjchen's ghost (adept MiFi)
 60196 | Elf:3    | Identified the ring of the Blind Eye {rC- MP+9 Int+4 Dex+2}
 60328 | Elf:3    | Found Masuck's Assorted Antiques.
 60860 | Elf:3    | Identified the +4 quarterstaff "Nompimi" {heavy, rC+++
                  | Will++ Dex-5 Stlth+}
 60864 | Elf:3    | Identified the +5 plate armour of Ignis's Favour {rPois
                  | rCorr Dex-2 Slay-6}
 60864 | Elf:3    | Identified the ring of Harupi {rF+ Str+3 Int-3 Dex+6}
 61117 | Elf:3    | Identified the ring "Yfurr" {rF+ rN+ Dex+3}
 61152 | Elf:3    | Got the Atlas of the Gestalt and Bolts
 61360 | Elf:3    | Killed wjchen's ghost
 61673 | Crypt:1  | Entered Level 1 of the Crypt
 62159 | Vaults:2 | Reached XP level 22. HP: 137/137 MP: 44/44
 62499 | Crypt:1  | Noticed Xtahua
 62507 | Crypt:1  | Killed Xtahua
 63181 | Crypt:1  | Learned a level 9 spell: Shatter
 63467 | Crypt:2  | Noticed Donald
 63473 | Crypt:2  | Killed Donald
 64004 | Crypt:3  | Entered Level 3 of the Crypt
 64467 | Crypt:3  | Reached skill level 25 in Earth Magic
 65018 | Crypt:3  | Noticed a curse toe
 65228 | Crypt:3  | Killed a curse toe
 66902 | Crypt:3  | Got the Disquisition on Blasphemous Rites
 66905 | Crypt:3  | Noticed an ancient lich
 66908 | Crypt:3  | Killed an ancient lich
 67220 | Crypt:3  | Found a staircase to the Tomb.
 67586 | Vaults:5 | Entered Level 5 of the Vaults
 67588 | Vaults:5 | Reached skill level 15 in Fighting
 67600 | Vaults:5 | Noticed an ancient lich
 67607 | Vaults:5 | Killed an ancient lich
 67612 | Vaults:5 | Reached XP level 23. HP: 86/144 MP: 46/46
 67627 | Vaults:5 | Noticed an ancient lich
 67631 | Vaults:5 | Killed an ancient lich
 67649 | Vaults:5 | Reached skill level 26 in Earth Magic
 68783 | Vaults:5 | Identified the +9 war axe "Joletisywk" {protect, rCorr
                  | Int+3 Dex+3}
 68940 | Vaults:5 | Identified the +6 sling "Houl" {heavy, rElec rPois rC-}
 69342 | Vaults:5 | Got a silver rune of Zot
 69344 | Vaults:5 | Identified the +8 dagger of Akel {freeze, rPois}
 69554 | Vaults:5 | Identified the +4 long sword of Defence by Offence {heavy,
                  | Fragile Int+6 Dex+6}
 69882 | Vaults:5 | Found Gaepreto's Distillery.
 70359 | Depths:1 | Entered Level 1 of the Depths
 71789 | Depths:1 | Found a gateway to Hell.
 73687 | Depths:2 | Found a one-way gate leading to the halls of Pandemonium.
 73748 | Depths:2 | Found a one-way gateway to a ziggurat.
 73853 | Depths:2 | Found a one-way gate to the infinite horrors of the Abyss.
 73895 | Depths:2 | Reached XP level 24. HP: 154/154 MP: 29/46
 74252 | Depths:2 | Found an opulent altar of Gozag.
 74493 | Depths:3 | Found a flickering gateway to a bazaar.
 74493 | Depths:3 | Found a stormy altar of Qazlal.
 74495 | Depths:3 | Upgraded the game from 0.30-a0-860-g512cf1e979 to
                  | 0.30-a0-862-g1aabd4f9c5
 74622 | Depths:3 | Reached skill level 27 in Earth Magic
 74754 | Depths:3 | Identified the +3 demon trident of Abuse {pain, Int-2
                  | Dex+4}
 74782 | Depths:3 | Found a corrupted altar of Lugonu.
 74824 | Bazaar   | Entered a bazaar
 74824 | Bazaar   | Found Milaolizuo's Magic Scroll Emporium.
 74824 | Bazaar   | Found Jad Ips's Magic Scroll Emporium.
 74928 | Bazaar   | Found Mesitum's Jewellery Shoppe.
 74928 | Bazaar   | Found Ahob's Book Shoppe.
 74935 | Bazaar   | Bought a scroll of teleportation for 60 gold pieces
 74935 | Bazaar   | Bought a scroll of teleportation for 60 gold pieces
 74935 | Bazaar   | Bought a scroll of teleportation for 60 gold pieces
 74935 | Bazaar   | Bought a scroll of summoning for 190 gold pieces
 76198 | Depths:3 | Noticed a juggernaut
 76202 | Depths:3 | Killed a juggernaut
 76699 | Depths:3 | Identified the +6 short sword of Integrity {heavy, Str+3}
 78177 | Depths:4 | Entered Level 4 of the Depths
 81907 | Depths:4 | Found a gate to the Realm of Zot.
 83729 | D:11     | Killed barkas's ghost
 84228 | Slime:1  | Entered Level 1 of the Pits of Slime
 87615 | Slime:2  | Gained mutation: You occasionally lose the ability to read
                  | scrolls when taking damage. [a shining eye]
 93231 | Slime:4  | Reached XP level 25. HP: 162/162 MP: 47/47
 93241 | Slime:4  | Learned a level 5 spell: Iskenderun's Battlesphere
 93613 | Slime:5  | Entered Level 5 of the Pits of Slime
 94010 | Slime:5  | Gained mutation: You have an increased reservoir of magic.
                  | (+10% MP) [a shining eye]
 94112 | Slime:5  | Gained mutation: You are weak. (Str -2) [a shining eye]
 94113 | Slime:5  | Gained mutation: You sometimes lose the ability to read
                  | scrolls when taking damage. [a shining eye]
 94345 | Slime:5  | Gained mutation: You have hidden genetic defects. [a
                  | shining eye]
 94418 | Slime:5  | Noticed the Royal Jelly
 95235 | Slime:5  | Killed the Royal Jelly
 97595 | Slime:5  | Found the +9 sword of Power {lifebolt}
 97914 | Slime:5  | Identified the +0 chain mail of Serendipity {rC- Will++}
 97935 | Slime:5  | Identified the +6 leather armour of Team {rF++ MP-9}
 97941 | Slime:5  | Got a slimy rune of Zot
 97947 | Slime:5  | Identified the ring of Bucudays {rElec rN+ Dex+6 Stlth+}
 97976 | Slime:5  | Identified the +5 long sword of Wondrous Power {holy, rF-
                  | rC++ Will+ Stlth+}
 97982 | Slime:5  | Got the Catalogue of the Rocky Vector
 98000 | Slime:5  | Identified the +4 scale mail "Qaangewy" {rF++ rN+ Dex-3}
 98588 | Zot:1    | Entered Level 1 of the Realm of Zot
 98598 | Zot:1    | HP: 6/163 [electric golem (7)]
 98598 | Zot:1    | Slain by an electric golem

Illustrated notes

Levels and vault maps discovered:
D:1:      moated_graveyard_arrival, layout_basic, ebering_dispersal_statue_hall
D:2:      layout_loops_cross, serial_shops, shop
D:3:      layout_basic, basic_ecumenical_altar, kennysheep_generic_room_6
D:4:      layout_basic, chequers_serial_rivers_micro_a
D:5:      layout_loops_corners, riverfiend_overflow_shadow_ancestor,
          nicolae_kikubaaqudgha_miasma_corner, minitemple,
          minmay_temple_entry_from_below_b, uniq_grinder
D:6:      layout_rooms, nicolae_vehumet_altar_sigil
D:7:      layout_basic, lemuel_crystal_altar
D:8:      layout_basic, led_sif_pool, erik_lair_island, special_room
          [special_room_orc], minmay_guarded_unrand_variability
D:9:      layout_cave_pools
D:10:     cheibrodos_two_vegetables, layout_basic, lemuel_crystal_altar
D:11:     layout_layer_cave, david_orc_3, gammafunk_ghost_wrathful_warriors,
          uniq_psyche, uniq_snorg, uniq_fannar
D:12:     layout_roguey, uniq_urug
D:13:     layout_cave_pods, serial_shops, nicolae_shop_bloodbath_and_beyond,
          minmay_bent, uniq_frances
D:14:     layout_loops_corners, ximxim_vaults_locker_room,
          minmay_misc_feat_pillars, serial_shops, shop
D:15:     grunt_enter_depths_snipers, layout_cave_pods, gauntlet_entry_generic,
          minmay_misc_feat_cross, serial_rivers, chequers_serial_rivers_micro_a,
          chequers_serial_rivers_large_b, chequers_serial_rivers_micro_d,
          chequers_serial_rivers_micro_a, lightli_corner_chamber
Lair:1:   layout_hall_layers, grunt_megastairs_5
Lair:2:   layout_loops_ring, nicolae_swamp_entry_splash_gauntlet,
          portal_ice_cave_entry_ice_simulacra, serial_bayou_shore_b,
          infiniplex_staircase_pool_2, lemuel_fruit_tree
Lair:3:   layout_loops_ring, minmay_snake_entry_guardpost_small
Lair:4:   layout_loops_ring, serial_bayou_shore_b, serial_bayou_shore_b
Lair:5:   hangedman_lair_caniforms_friends, layout_misc_corridors, wormcave,
          slime_entry_1, basic_altar, uniq_rupert, uniq_kirke
Swamp:1:  layout_falls_marsh, evilmike_swamp_ruin_house_5, swamp_pool1,
          lightli_tree_ring, infiniplex_staircase_pool
Swamp:2:  layout_basic_swamp, evilmike_swamp_ruin_rubble_1
Swamp:3:  layout_falls_marsh, evilmike_swamp_ruin_rubble_2
Swamp:4:  swamp_fiery, layout_basic_swamp, swamp_pool1
Snake:1:  layout_basic
Snake:2:  layout_onion_interference
Snake:3:  layout_rooms, uniq_vashnia
Snake:4:  snake_pit_salamanders_mu, layout_onion_interference, drop_trap,
          grunt_ministairs_4, serial_bayou_lagoon_b
Slime:1:  layout_caves
Slime:2:  layout_caves, nicolae_slime_barrier, nicolae_slime_welcoming_committee
Slime:3:  layout_caves
Slime:4:  layout_caves
Slime:5
Orc:1:    layout_caves
Orc:2:    st_orc_open, layout_caves, serial_shops, shop_statue,
          lightli_volcano_entry_magma_tube
Elf:1:    layout_loops_cross, hangedman_corner_corridor
Elf:2:    elven_hall_of_blades_hangedman_alternative [nicolae_blade_tridents],
          layout_gridlike, basic_altar, minmay_shop_grove
Elf:3:    minmay_elf_hall_curves, layout_gridlike, ebering_ghost_rock_garden,
          serial_shops, nicolae_shop_overgrown_old_shop, shop,
          nicolae_shop_hallway_plus, nicolae_lakefront_shop,
          nicolae_twisting_strands, minmay_shoptagon, uniq_mara
Vaults:1: grunt_vaults_focal, ontoclasm_vaults_spin, vaults_standard_mumra_x,
          ontoclasm_vaults_chip, nicolae_vaults_network_s, vaults_room_corners,
          hangedman_vaults_stagger, ontoclasm_vaults_tryst,
          ontoclasm_vaults_twist, st_lines, vaults_room_ringed_pool,
          ontoclasm_vaults_ring_large, vaults_mumra_chevron,
          layout_vaults_omnibox, serial_shops, shop
Vaults:2: portal_desolation_entry_holy_temple, hangedman_vaults_river_flow,
          vaults_room_grid, minmay_crypt_entry_simple_plaza, v_misc_27,
          v_misc_5, st_cross, v_misc_14, ontoclasm_vaults_ring_large,
          ontoclasm_vaults_ring_small, ontoclasm_vaults_ligature,
          ontoclasm_vaults_claustrophobia, vaults_room_fancy_cross, v_misc_22,
          layout_vaults_maze
Vaults:3: nicolae_vaults_border_crossing, vaults_room_large_hall,
          nicolae_vaults_circle_grid_a, nicolae_vaults_puzzle_piece,
          nicolae_vaults_circle_grid_b, ontoclasm_vaults_fault, v_misc_28,
          ontoclasm_vaults_decontamination, layout_vaults_big_room
Vaults:4: ontoclasm_vaults_misaligned, v_misc_17, nicolae_vaults_circle_grid_a,
          v_pattern_4, v_misc_33, v_misc_28, vaults_mumra_hex,
          hangedman_vaults_stretched_pinwheel,
          nicolae_vaults_windows_and_doors_thing, v_misc_14, v_misc_29,
          layout_vaults_ring
Vaults:5
Crypt:1:  layout_rooms, st_burial_chamber, grunt_crypt_arrival_guarded_gate,
          uniq_xtahua
Crypt:2:  layout_chaotic_city, uniq_donald
Crypt:3:  david_glass_crypt, layout_misc_corridors, tomb_entry_simple_bobbens,
          grunt_megastairs_3
Depths:1: layout_roguey, grunt_mini_vestibule, minmay_misc_feat_secret_circle,
          grunt_ministairs_15, minmay_misc_feat_ornament, nicolae_titane
Depths:2: kennysheep_funnel, layout_basic, enter_ziggurat_b, pan_entry,
          abyss_entry, hell_entry, grunt_gozag_breadcrumbs,
          infiniplex_staircase_squiggle
Depths:3: hangedman_cross_cluster, layout_gridville, abyss_entry_flame_altar,
          chequers_big_river, serial_shops, freezing_bzr, hellmouth_1,
          grunt_qazlal_clouds
Depths:4: evilmike_zot_entry_diamond, layout_gridlike, abyss_entry,
          hangedman_coc_ice_floe, grunt_decor_cap, nicolae_figureground_pulse
Zot:1:    hangedman_zot_vaults_quadrants, layout_concentric_octagons,
          hangedman_zot_wheel_spokes, st_stairs_4

Skill      XL: |  1  2  3  4  5  6  7  8  9 10 11 12 13 14 15 16 17 18 19 20 21 22 23 24 25 |
---------------+----------------------------------------------------------------------------+-----
Spellcasting   | 4 5 6 7 9 11 13 14 15 16 17 18 19 | 19.0
Earth Magic    | 4 5 6 7 9 11 12 14 17 21 23 24 25 26 27 | 27.0
Conjurations   | 3 7 9 12 13 14 15 16 | 16.4
Fighting       | 2 5 7 9 10 11 12 14 15 16 17 18 | 18.2
Dodging        | 4 8 11 13 15 16 17 19 20 22 24 | 24.8
Ice Magic      | 4 |  4.3
Necromancy     | 5 |  5.0
Shields        | 4 9 10 | 10.0
Summonings     | 8 14 | 14.0
Stealth        | |  2.4
Transmutations | |  1.1

Action                     |  1- 3 |  4- 6 |  7- 9 | 10-12 | 13-15 | 16-18 | 19-21 | 22-24 | 25-27 || total
---------------------------+-------+-------+-------+-------+-------+-------+-------+-------+-------++-------
  Melee: Staff             |       |       |       |     4 |    19 |       |     5 |    14 |     3 ||    45
   Cast: Sandblast         |    45 |    62 |   132 |    73 |     2 |     4 |     4 |     1 |     1 ||   324
         Stone Arrow       |       |       |    22 |   253 |   691 |   834 |   660 |   103 |    11 ||  2574
         Hailstorm         |       |       |       |     3 |       |       |       |       |       ||     3
         Iron Shot         |       |       |       |       |    20 |    74 |   191 |   278 |    92 ||   655
         Spellforged Servi |       |       |       |       |       |     5 |    96 |    26 |    10 ||   137
         Summon Cactus Gia |       |       |       |       |       |     2 |    24 |    30 |     7 ||    63
         Iskenderun's Myst |       |       |       |       |       |       |     1 |       |       ||     1
         Shatter           |       |       |       |       |       |       |       |   492 |    60 ||   552
         Lee's Rapid Decon |       |       |       |       |       |       |       |       |     1 ||     1
         Iskenderun's Batt |       |       |       |       |       |       |       |       |     1 ||     1
  Evoke: Wand              |       |       |       |       |       |     1 |       |       |       ||     1
    Use: Potion            |     1 |       |       |     1 |     1 |     4 |       |    13 |     2 ||    22
         Scroll            |       |       |       |    26 |     3 |     3 |     5 |     9 |     2 ||    48
 Armour: Robe              |       |     7 |       |       |       |       |       |       |       ||     7
         Ring mail         |       |     2 |    37 |    68 |   179 |   191 |   142 |   114 |    52 ||   785
  Dodge: Dodged            |     4 |    16 |    40 |    61 |   193 |   172 |   143 |   131 |    67 ||   827
  Block: Kite shield       |       |       |       |       |       |   129 |   173 |   121 |    56 ||   479
         Reflection        |       |       |       |       |       |    38 |    38 |     5 |       ||    81

Table legend: (Time is in decaauts)
 A = Elapsed time spent in this place.
 B = Non-inter-level travel time spent in this place.
 C = Inter-level travel time spent in this place.
 D = Time resting spent in this place.
 E = Time spent auto-exploring this place.
 F = Levels seen in this place.
 G = Mean time per level.
                   A        B        C        D        E       F      G
               +--------+--------+--------+--------+--------+-----+--------+
         Total |  99340 |  93535 |   5805 |  38180 |  41629 |  56 | 1773.9 |
       Dungeon |  19890 |  17565 |   2325 |   2952 |  12052 |  15 | 1326.0 |
          Lair |   8949 |   8138 |    811 |   1823 |   5193 |   5 | 1789.8 |
         Swamp |   5577 |   5491 |     86 |   2608 |   2075 |   4 | 1394.2 |
     Snake Pit |   7141 |   6845 |    296 |   2569 |   3107 |   4 | 1785.2 |
    Slime Pits |  13583 |  13442 |    141 |   9572 |   2174 |   5 | 2716.6 |
  Orcish Mines |   1997 |   1825 |    172 |    176 |   1219 |   2 |  998.5 |
   Elven Halls |   5013 |   4848 |    165 |    864 |   3134 |   3 | 1671.0 |
        Vaults |  14470 |  13172 |   1298 |   5043 |   6400 |   5 | 2894.0 |
         Crypt |   5453 |   5330 |    123 |   2928 |   1745 |   3 | 1817.7 |
        Depths |  12873 |  12490 |    383 |   8018 |   3077 |   4 | 3218.2 |
           Zot |      9 |      9 |      0 |      0 |      0 |   1 |    9.0 |
        Bazaar |    123 |    123 |      0 |      0 |    118 |   1 |  123.0 |
      Ice Cave |   1720 |   1720 |      0 |    749 |    696 |   1 | 1720.0 |
       Volcano |    780 |    780 |      0 |    193 |    340 |   1 |  780.0 |
    Desolation |   1400 |   1400 |      0 |    672 |    236 |   1 | 1400.0 |
      Gauntlet |    356 |    356 |      0 |     12 |     62 |   1 |  356.0 |
               +--------+--------+--------+--------+--------+-----+--------+

Top non-repeatable levels by time:
Depths:4: 4924 daAuts
Vaults:3: 3617 daAuts
  Lair:5: 3603 daAuts
Depths:3: 3579 daAuts
Vaults:1: 3549 daAuts
 Slime:4: 3453 daAuts
 Slime:5: 3077 daAuts
Vaults:4: 2880 daAuts
Vaults:2: 2792 daAuts
 Crypt:2: 2727 daAuts
 Slime:1: 2708 daAuts
 Snake:4: 2500 daAuts
    D:14: 2418 daAuts
     D:8: 2397 daAuts
   Elf:3: 2236 daAuts
